| TOP OF THE 1ST |
|
University of South Carolina Gamecocks batting - Pitching for Vanderbilt University Commodores : RHP Jurdão Maceneiro
|
|
Pitching: RHP Jurdão Maceneiro
|
|
|
Batting: RHB Wataru Tani
|
0-0: Ground out 6-3 (Groundball, 6, EV 81.9 MPH)
|
|
Batting: SHB Isaiah Scates
|
0-0: Called Strike 0-1: Ball 1-1: Called Strike 1-2: Foul Ball, location: 2F 1-2: Strikes out swinging
|
|
Batting: RHB Kevin Harris
|
0-0: Ball 1-0: Ball 2-0: Fly out, F9 (Flyball, 9D, EV 108.8 MPH)
|
| Top of the 1st over - 0 runs, 0 hits, 0 errors, 0 left on base; University of South Carolina 0 - Vanderbilt University 0 |
| BOTTOM OF THE 1ST |
|
Vanderbilt University Commodores batting - Pitching for University of South Carolina Gamecocks : RHP Aaron Blackwell
|
|
Pitching: RHP Aaron Blackwell
|
|
|
Batting: RHB Ben Politi
|
0-0: Ball 1-0: Ball 2-0: Ball 3-0: Base on Balls
|
|
Batting: RHB Chris Bohm
|
0-0: Foul Ball, location: 2F 0-1: Foul Ball, location: 2F 0-2: Ball 1-2: Foul Ball, location: 2F 1-2: Ball 2-2: Fielders Choice at 2nd, 4-6 (Groundball, 4, EV 80.0 MPH)
|
|
Batting: RHB Chris Maul
|
0-0: Ball 1-0: Called Strike 1-1: Called Strike 1-2: SINGLE (Groundball, 56, EV 107.5 MPH) (infield hit) Chris Bohm to second
|
|
Batting: RHB Jonathan Mendoza
|
0-0: Fly out, F7 (Flyball, 7LS, EV 84.4 MPH)
|
|
Batting: RHB Mario Lopez
|
0-0: DOUBLE (Line Drive, 5D, EV 93.8 MPH) Chris Bohm scores Chris Maul to third
|
|
Batting: LHB Karel Hort
|
0-0: Called Strike 0-1: Ground out U3 (Groundball, 34, EV 84.4 MPH)
|
| Bottom of the 1st over - 1 run, 2 hits, 0 errors, 2 left on base; University of South Carolina 0 - Vanderbilt University 1 |
| TOP OF THE 2ND |
|
University of South Carolina Gamecocks batting - Pitching for Vanderbilt University Commodores : RHP Jurdão Maceneiro
|
|
Batting: LHB Adam Hill
|
0-0: Called Strike 0-1: Ball 1-1: Swinging Strike 1-2: SINGLE (Line Drive, 7S, EV 107.5 MPH)
|
|
Batting: RHB Kenny Thissen
|
0-0: Ball 1-0: Ball 2-0: Fielders Choice at 2nd, 3-6 (Groundball, 3, EV 104.4 MPH)
|
|
Batting: RHB Mike McElroy
|
0-0: Fly out, F9 (Line Drive, 9, EV 110.0 MPH)
|
|
Batting: RHB Dave Perron
|
0-0: Ball 1-0: Foul Ball, location: 2F 1-1: Foul Ball, location: 2F 1-2: Foul Ball, location: 2F 1-2: Hit by Pitch Kenny Thissen to second
|
|
Batting: RHB Luis Castillo
|
0-0: Ball 1-0: Foul Ball, location: 2F 1-1: Swinging Strike 1-2: Strikes out swinging
|
| Top of the 2nd over - 0 runs, 1 hit, 0 errors, 2 left on base; University of South Carolina 0 - Vanderbilt University 1 |
| BOTTOM OF THE 2ND |
|
Vanderbilt University Commodores batting - Pitching for University of South Carolina Gamecocks : RHP Aaron Blackwell
|
|
Batting: RHB Sam Spohn
|
0-0: Ball 1-0: Called Strike 1-1: Ball 2-1: Ball 3-1: Foul Ball, location: 2F 3-2: Fly out, F9 (Flyball, 9S, EV 78.1 MPH)
|
|
Batting: RHB Alex Cardenas
|
0-0: Called Strike 0-1: Fly out, F8 (Flyball, 8LXD, EV 103.8 MPH)
|
|
Batting: RHB D.J. Cooke
|
0-0: Called Strike 0-1: Ball 1-1: Swinging Strike 1-2: Ball 2-2: Foul Ball, location: 2F 2-2: Ball 3-2: Strikes out looking
|
| Bottom of the 2nd over - 0 runs, 0 hits, 0 errors, 0 left on base; University of South Carolina 0 - Vanderbilt University 1 |
| TOP OF THE 3RD |
|
University of South Carolina Gamecocks batting - Pitching for Vanderbilt University Commodores : RHP Jurdão Maceneiro
|
|
Batting: RHB Korey Guzman
|
0-0: Called Strike 0-1: Ball 1-1: Called Strike 1-2: Ground out 3-1 (Groundball, 34S, EV 88.8 MPH)
|
|
Batting: RHB Wataru Tani
|
0-0: Fly out, F7 (Flyball, 78S, EV 85.0 MPH)
|
|
Batting: SHB Isaiah Scates
|
0-0: Ball 1-0: Fly out, F7 (Line Drive, 7, EV 93.1 MPH)
|
| Top of the 3rd over - 0 runs, 0 hits, 0 errors, 0 left on base; University of South Carolina 0 - Vanderbilt University 1 |
| BOTTOM OF THE 3RD |
|
Vanderbilt University Commodores batting - Pitching for University of South Carolina Gamecocks : RHP Aaron Blackwell
|
|
Batting: RHB Ben Politi
|
0-0: Bunted foul 0-1: Ball 1-1: Ball 2-1: SINGLE (Groundball, 25, EV 71.3 MPH) (infield hit)
|
|
Batting: RHB Chris Bohm
|
0-0: Swinging Strike 0-1: Swinging Strike 0-2: Ball 1-2: Ball 2-2: Foul Ball, location: 2F 2-2: Fielders Choice at 2nd, 3-6 (Groundball, 34S, EV 78.1 MPH)
|
|
Batting: RHB Chris Maul
|
0-0: Fielders Choice at 2nd, 6-4 (Groundball, 6, EV 98.1 MPH)
|
|
Batting: RHB Jonathan Mendoza
|
0-0: Ball 1-0: Ball Chris Maul is caught stealing 2nd base 2-4
|
| Bottom of the 3rd over - 0 runs, 1 hit, 0 errors, 0 left on base; University of South Carolina 0 - Vanderbilt University 1 |
| TOP OF THE 4TH |
|
University of South Carolina Gamecocks batting - Pitching for Vanderbilt University Commodores : RHP Jurdão Maceneiro
|
|
Batting: RHB Kevin Harris
|
0-0: Foul Ball, location: 2F 0-1: Ground out 5-3 (Groundball, 56, EV 108.1 MPH)
|
|
Batting: LHB Adam Hill
|
0-0: Called Strike 0-1: Ball 1-1: Ball 2-1: Foul Ball, location: 2F 2-2: Fly out, F6 (Popup, 6S, EV 64.4 MPH)
|
|
Batting: RHB Kenny Thissen
|
0-0: Ball 1-0: Ball 2-0: DOUBLE (Line Drive, 7LS, EV 97.5 MPH)
|
|
Batting: RHB Mike McElroy
|
0-0: Foul Ball, location: 2F 0-1: Ball 1-1: Foul Ball, location: 2F 1-2: SINGLE (Groundball, 56D, EV 106.3 MPH) Kenny Thissen to third
|
|
Batting: RHB Dave Perron
|
0-0: Ball 1-0: Swinging Strike 1-1: Foul Ball, location: 2F 1-2: Foul Ball, location: 2F 1-2: Ball 2-2: Strikes out swinging
|
| Top of the 4th over - 0 runs, 2 hits, 0 errors, 2 left on base; University of South Carolina 0 - Vanderbilt University 1 |
| BOTTOM OF THE 4TH |
|
Vanderbilt University Commodores batting - Pitching for University of South Carolina Gamecocks : RHP Aaron Blackwell
|
|
Batting: RHB Jonathan Mendoza
|
0-0: DOUBLE (Flyball, 8RXD, EV 113.8 MPH)
|
|
Batting: RHB Mario Lopez
|
0-0: Called Strike 0-1: Ball 1-1: Fly out, F8 (Flyball, 89D, EV 100.0 MPH)
|
|
Batting: LHB Karel Hort
|
0-0: Ball 1-0: Foul Ball, location: 2F 1-1: Ball 2-1: Foul Ball, location: 2F 2-2: Foul Ball, location: 2F 2-2: Ball 3-2: SINGLE (Groundball, 56S, EV 60.6 MPH) (infield hit) Jonathan Mendoza to third
|
|
Batting: RHB Sam Spohn
|
0-0: Foul Ball, location: 2F 0-1: Ball 1-1: Foul Ball, location: 2F 1-2: Strikes out swinging
|
|
Batting: RHB Alex Cardenas
|
0-0: Ball 1-0: Ground out 1-3 (Groundball, 15S, EV 66.3 MPH)
|
| Bottom of the 4th over - 0 runs, 2 hits, 0 errors, 2 left on base; University of South Carolina 0 - Vanderbilt University 1 |
| TOP OF THE 5TH |
|
University of South Carolina Gamecocks batting - Pitching for Vanderbilt University Commodores : RHP Jurdão Maceneiro
|
|
Pitching: RHP Rich Crousse
|
|
|
Batting: RHB Luis Castillo
|
0-0: Ball 1-0: Ball 2-0: Swinging Strike 2-1: Foul Ball, location: 2F 2-2: Ball 3-2: Base on Balls
|
|
Batting: RHB Korey Guzman
|
0-0: Called Strike 0-1: Ball 1-1: Foul Ball, location: 2F 1-2: Ball 2-2: Strikes out looking
|
|
Pinch Hitting: RHB Juan Bonilla
|
0-0: Ball 1-0: Fly out, F7 (Flyball, 7S, EV 83.1 MPH)
|
|
Batting: SHB Isaiah Scates
|
0-0: Ball 1-0: Swinging Strike 1-1: Ball 2-1: Foul Ball, location: 2F 2-2: Foul Ball, location: 2F 2-2: SINGLE (Line Drive, 89S, EV 94.4 MPH) Luis Castillo to second
|
|
Batting: RHB Kevin Harris
|
0-0: Swinging Strike 0-1: Ball 1-1: Fly out, F7 (Flyball, 7S, EV 86.3 MPH)
|
| Top of the 5th over - 0 runs, 1 hit, 0 errors, 2 left on base; University of South Carolina 0 - Vanderbilt University 1 |
| BOTTOM OF THE 5TH |
|
Vanderbilt University Commodores batting - Pitching for University of South Carolina Gamecocks : RHP Aaron Blackwell
|
|
Pitching: RHP Logan Ramsey
|
|
|
Now in CF: Willie Medina
|
|
|
Batting: RHB D.J. Cooke
|
0-0: Ball 1-0: Ball 2-0: Called Strike 2-1: Foul Ball, location: 2F 2-2: Ball 3-2: Base on Balls
|
|
Batting: RHB Ben Politi
|
0-0: Ball 1-0: Sac Bunt to 13S - play at first, batter OUT! 1-4 D.J. Cooke to second
|
|
Batting: RHB Chris Bohm
|
0-0: Called Strike 0-1: Foul Ball, location: 2F 0-2: SINGLE (Flyball, 89S, EV 86.9 MPH) D.J. Cooke to third Runner from 3rd tries for Home, throw by RF and OUT! 9-2
|
|
Batting: RHB Chris Maul
|
0-0: Foul Ball, location: 2F 0-1: Ball 1-1: Ball 2-1: SINGLE (Groundball, 15S, EV 68.8 MPH) (infield hit) Chris Bohm to second
|
|
Batting: RHB Jonathan Mendoza
|
0-0: Ball 1-0: Foul Ball, location: 2F 1-1: Ball 2-1: Called Strike 2-2: Strikes out swinging
|
| Bottom of the 5th over - 0 runs, 2 hits, 0 errors, 2 left on base; University of South Carolina 0 - Vanderbilt University 1 |
| TOP OF THE 6TH |
|
University of South Carolina Gamecocks batting - Pitching for Vanderbilt University Commodores : RHP Rich Crousse
|
|
Batting: LHB Adam Hill
|
0-0: Ball 1-0: SOLO HOME RUN (Flyball, 7LD, EV 92.5 MPH), Distance : 364 ft
|
|
Batting: RHB Kenny Thissen
|
0-0: Called Strike 0-1: Ball 1-1: Foul Ball, location: 2F 1-2: Foul Ball, location: 2F 1-2: Foul Ball, location: 2F 1-2: Strikes out swinging
|
|
Pitching: RHP Adam Silbert
|
|
|
Batting: RHB Mike McElroy
|
0-0: Ball 1-0: Foul Ball, location: 2F 1-1: Foul Ball, location: 2F 1-2: Ground out U3 (Groundball, 3, EV 91.3 MPH)
|
|
Batting: RHB Dave Perron
|
0-0: Ball 1-0: Ball 2-0: Called Strike 2-1: Ball 3-1: Foul Ball, location: 2F 3-2: Base on Balls
|
|
Batting: RHB Luis Castillo
|
0-0: Called Strike 0-1: Swinging Strike 0-2: Strikes out swinging
|
| Top of the 6th over - 1 run, 1 hit, 0 errors, 1 left on base; University of South Carolina 1 - Vanderbilt University 1 |
| BOTTOM OF THE 6TH |
|
Vanderbilt University Commodores batting - Pitching for University of South Carolina Gamecocks : RHP Logan Ramsey
|
|
Batting: RHB Mario Lopez
|
0-0: Swinging Strike 0-1: Ball 1-1: Ground out 6-3 (Groundball, 6MD, EV 85.0 MPH)
|
|
Batting: LHB Karel Hort
|
0-0: Ball 1-0: SOLO HOME RUN (Flyball, 9LD, EV 93.8 MPH), Distance : 355 ft
|
|
Batting: RHB Sam Spohn
|
0-0: Fly out, F3 (Popup, 34S, EV 68.1 MPH)
|
|
Batting: RHB Alex Cardenas
|
0-0: Called Strike 0-1: Fly out, F5 (Line Drive, 5, EV 70.0 MPH)
|
| Bottom of the 6th over - 1 run, 1 hit, 0 errors, 0 left on base; University of South Carolina 1 - Vanderbilt University 2 |
| TOP OF THE 7TH |
|
University of South Carolina Gamecocks batting - Pitching for Vanderbilt University Commodores : RHP Adam Silbert
|
|
Pitching: RHP Rogelio Burrola
|
|
|
Batting: RHB Korey Guzman
|
0-0: Ball 1-0: Ball 2-0: Ball 3-0: Base on Balls
|
|
Batting: SHB Willie Medina
|
0-0: Ball 1-0: Ball 2-0: SINGLE (Groundball, 56, EV 96.9 MPH) Korey Guzman to second
|
|
Batting: SHB Isaiah Scates
|
0-0: Called Strike 0-1: Grounds out, U3 (Groundball, 3L, EV 98.8 MPH) Korey Guzman to third
|
|
Pitching: RHP Mitsuaki Okazaki
|
|
|
Pinch Hitting: RHB Jake Geib
|
0-0: Ball 1-0: Foul Ball, location: 2F 1-1: Ball 2-1: Foul Ball, location: 2F 2-2: Foul Ball, location: 2F 2-2: Ball 3-2: Fly out, F7 (Flyball, 7LM, EV 90.0 MPH) Runner from 3rd tags up, OUT at HOME! 7-2
|
| Top of the 7th over - 0 runs, 1 hit, 0 errors, 1 left on base; University of South Carolina 1 - Vanderbilt University 2 |
| BOTTOM OF THE 7TH |
|
Vanderbilt University Commodores batting - Pitching for University of South Carolina Gamecocks : RHP Logan Ramsey
|
|
Pitching: RHP Javier Carrasco
|
|
|
Now at 1B: Jake Geib
|
|
|
Batting: RHB D.J. Cooke
|
0-0: Ball 1-0: Ball 2-0: Ball 3-0: Base on Balls
|
|
Pinch Hitting: LHB Alberto Carrillo
|
0-0: Ball 1-0: SINGLE (Line Drive, 9S, EV 105.0 MPH) D.J. Cooke to second
|
|
Batting: RHB Chris Bohm
|
0-0: Sac Bunt to 3S - play at first, batter OUT! 3-4 D.J. Cooke to third Alberto Carrillo to second
|
|
Batting: RHB Chris Maul
|
0-0: Ball 1-0: Ground out U3 (Groundball, 34S, EV 80.6 MPH)
|
|
Batting: RHB Jeremy Harden
|
0-0: 3-RUN HOME RUN (Flyball, 7D, EV 101.9 MPH), Distance : 418 ft
|
|
Pitching: RHP Jason Barber
|
|
|
Batting: RHB Mario Lopez
|
0-0: Called Strike 0-1: Foul Ball, location: 2F 0-2: Ball 1-2: Fly out, F9 (Flyball, 9, EV 90.0 MPH)
|
| Bottom of the 7th over - 3 runs, 2 hits, 0 errors, 0 left on base; University of South Carolina 1 - Vanderbilt University 5 |
| TOP OF THE 8TH |
|
University of South Carolina Gamecocks batting - Pitching for Vanderbilt University Commodores : RHP Mitsuaki Okazaki
|
|
Now in RF: Jose Esparza
|
|
|
Batting: LHB Adam Hill
|
0-0: Called Strike 0-1: Ground out 4-3 (Groundball, 34D, EV 104.4 MPH)
|
|
Batting: RHB Kevin Popowicz
|
0-0: Called Strike 0-1: SINGLE (Flyball, 9S, EV 97.5 MPH)
|
|
Pinch Hitting: LHB Jose Simental
|
0-0: Ball 1-0: Ball 2-0: SINGLE (Line Drive, 8RS, EV 96.9 MPH) Kevin Popowicz to second
|
|
Pinch Hitting: RHB Adam Bourg
|
0-0: Ball 1-0: Called Strike 1-1: Called Strike 1-2: Strikes out looking
|
|
Batting: RHB Luis Castillo
|
0-0: Ball 1-0: Ball 2-0: Called Strike 2-1: Ball 3-1: Foul Ball, location: 2F 3-2: Base on Balls Kevin Popowicz to third Jose Simental to second
|
|
Pitching: RHP Frank Medrano
|
|
|
Batting: RHB Korey Guzman
|
0-0: Ball 1-0: SINGLE (Groundball, 6, EV 98.8 MPH) Kevin Popowicz scores Jose Simental to third Luis Castillo to second Runner from 3rd tries for Home, SAFE, throw by LF to home
|
|
Batting: SHB Willie Medina
|
0-0: Ball Wild Pitch! Luis Castillo to third Korey Guzman to second 1-0: Called Strike 1-1: Swinging Strike 1-2: Ball 2-2: Foul Ball, location: 2F 2-2: Ball 3-2: Foul Ball, location: 2F 3-2: Strikes out swinging
|
| Top of the 8th over - 2 runs, 3 hits, 0 errors, 2 left on base; University of South Carolina 3 - Vanderbilt University 5 |
| BOTTOM OF THE 8TH |
|
Vanderbilt University Commodores batting - Pitching for University of South Carolina Gamecocks : RHP Jason Barber
|
|
Now at SS: Jose Simental
|
|
|
Now in RF: Adam Bourg
|
|
|
Pinch Hitting: RHB Gustavo Diaz
|
0-0: Ball 1-0: Ground out 6-3 (Groundball, 6M, EV 100.0 MPH)
|
|
Pinch Hitting: RHB Joel Gomez
|
0-0: Ball 1-0: Ground out 6-3 (Groundball, 6, EV 85.0 MPH)
|
|
Batting: RHB Alex Cardenas
|
0-0: Called Strike 0-1: Foul Ball, location: 2F 0-2: Strikes out swinging
|
| Bottom of the 8th over - 0 runs, 0 hits, 0 errors, 0 left on base; University of South Carolina 3 - Vanderbilt University 5 |
| TOP OF THE 9TH |
|
University of South Carolina Gamecocks batting - Pitching for Vanderbilt University Commodores : RHP Frank Medrano
|
|
Pitching: LHP Randy Dupuis
|
|
|
Now at 1B: Jose Rodriguez
|
|
|
Now in LF: Gustavo Diaz
|
|
|
Pinch Hitting: RHB Drew Coleman
|
0-0: Ball 1-0: Fly out, F8 (Flyball, 8LM, EV 90.0 MPH)
|
|
Batting: RHB Jake Geib
|
0-0: Ball 1-0: Foul Ball, location: 2F 1-1: Ball 2-1: Ball 3-1: Base on Balls
|
|
Pinch Hitting: RHB Chris Arroyo
|
0-0: Ball 1-0: Called Strike 1-1: Foul Ball, location: 2F 1-2: Foul Ball, location: 2F 1-2: Foul Ball, location: 2F 1-2: Ball 2-2: Foul Ball, location: 2F 2-2: Foul Ball, location: 2F 2-2: Ball 3-2: Strikes out swinging
|
|
Pitching: RHP Lorenzo Juarez
|
|
|
Batting: RHB Kevin Popowicz
|
0-0: Called Strike 0-1: Ball Wild Pitch! Jake Geib to second 1-1: Ball 2-1: Foul Ball, location: 2F 2-2: Strikes out swinging
|
| Top of the 9th over - 0 runs, 0 hits, 0 errors, 1 left on base; University of South Carolina 3 - Vanderbilt University 5 |
|